 Dungeon Crawl Stone Soup version 0.23-b1-49-g13d5857 (webtiles) character file.

Game seed: 14608426001179532901

307 Tiagovsky the Shield-Bearer (level 6, -1/57 HPs)
             Began as a Deep Dwarf Fighter on Feb 3, 2019.
             Was an Initiate of Makhleb.
             Slain by an ogre
             ... wielding a +0 giant club
              (23 damage)
             ... on level 4 of the Dungeon.
             The game lasted 00:09:24 (2460 turns).

Tiagovsky the Shield-Bearer (Deep Dwarf Fighter)    Turns: 2460, Time: 00:09:25

Health: -1/57      AC:  8    Str: 22    XL:     6   Next: 16%
Magic:  0/6        EV:  8    Int:  8    God:    Makhleb [......]
Gold:   364        SH: 10    Dex: 12    Spells: 5/5 levels left

rFire    . . .     SeeInvis +   w - +1 flail
rCold    . . .     Gourm    .   c - +0 shield
rNeg     . . .     Faith    .   p - +2 ring mail {MR+}
rPois    .         Spirit   +   g - +0 helmet
rElec    .         Reflect  .   t - scarf {Spirit}
rCorr    .         Harm     .   (no gloves)
MR       +....                  (no boots)
Stlth    +.........             (no amulet)
HPRegen  0.00/turn              (no ring)
MPRegen  0.10/turn              r - ring of see invisible

@: non-regenerating
A: damage resistance, heal wounds, sense surroundings 1, no regeneration
a: Heal Wounds, Renounce Religion


You were on level 4 of the Dungeon.
You worshipped Makhleb.
Makhleb was noncommittal.
You were not hungry.

You visited 1 branch of the dungeon, and saw 4 of its levels.

You collected 364 gold pieces.

Inventory:

Hand Weapons
 q - a +0 hunting sling
 w - a +1 flail (weapon)
Missiles
 h - a tomahawk
 n - 23 stones
 v - 20 sling bullets
 y - 16 javelins (quivered)
Armour
 c - a +0 shield (worn)
 g - a +0 helmet (worn)
 p - a +2 ring mail of magic resistance (worn)
 t - a scarf of spirit shield (worn)
Jewellery
 r - a ring of see invisible (right hand)
Scrolls
 a - a scroll of enchant weapon
 e - 4 scrolls of identify
 l - 3 scrolls of teleportation
Potions
 b - a potion of agility {unknown}
 d - a potion of might
 i - a potion of resistance {unknown}
 k - 4 potions of heal wounds
 m - 2 potions of degeneration {unknown}
 o - a potion of mutation {unknown}
 x - a potion of flight {unknown}
 z - a potion of ambrosia {unknown}
Comestibles
 f - 14 rations


   Skills:
 * Level 4.1 Fighting
 * Level 3.8 Maces & Flails
 + Level 1.2 Throwing
 - Level 3.2 Armour
 * Level 5.0 Shields


You had 5 spell levels left.
You didn't know any spells.
Your spell library was empty.

Dungeon Overview and Level Annotations

Branches:
Dungeon (4/15)
 Temple: D:4-7

Altars:
Cheibriados
Fedhas
Makhleb
Sif Muna


Innate Abilities, Weirdness & Mutations

You are resistant to damage.
You can heal yourself by infusing magical energy.
You passively map a small area around you.
You do not regenerate.


Message History

You sock the ogre!
The ogre is heavily wounded.
The ogre hits you with a +0 giant club!
You sock the ogre!
The ogre is severely wounded.
The ogre barely misses you.
You barely miss the ogre.
The ogre is severely wounded.
The ogre hits you with a +0 giant club!
You are too injured to fight recklessly!
You are too injured to fight recklessly!
You are too injured to fight recklessly!
You are too injured to fight recklessly!
You are too injured to fight recklessly!
You are too injured to fight recklessly!
You are too injured to fight recklessly!
You hit the ogre.
The ogre is severely wounded.
The ogre hits you with a +0 giant club!!
You die...

#...........# *
#####...........#
#...............#
#..............<#
#######..............###
,
.%......................
*#..........#####.#.####
#.......#### #.#.#...
#.....@.# #.#.#.##
#.....O.# #.#.#.#
#.......# #.#.#.#
#.......# #.#.#'##
#.......# #.#.....
#.......# #.#.....
#.......# #.#.....
######### #.#.#### #.#.


You could see an ogre.

Vanquished Creatures
  A scorpion (D:4)
  A howler monkey (D:4)
  A crimson imp (D:4)
  An orc priest (D:4)
  A centaur skeleton (D:4)
  A worker ant (D:4)
  2 adders (D:2)
  2 oozes (D:4)
  A worm (D:2)
  2 dart slugs
  A leopard gecko (D:4)
  2 orcs (D:4)
  4 bats
  2 giant cockroaches (D:3)
  5 goblins
  2 jackals (D:2)
  4 kobolds
  A quokka (D:3)
  2 ball pythons
  5 frilled lizards
  11 rats
52 creatures vanquished.

Vanquished Creatures (others)
  An orc wizard (D:3)
1 creature vanquished.

Grand Total: 53 creatures vanquished

Notes
Turn   | Place    | Note
-------+----------+-------------------------------------------
     0 | D:1      | Tiagovsky the Deep Dwarf Fighter began the quest for the
                  | Orb.
     0 | D:1      | Reached XP level 1. HP: 20/20 MP: 1/1
   240 | D:1      | Reached XP level 2. HP: 27/27 MP: 2/2
   622 | D:2      | Reached XP level 3. HP: 34/34 MP: 3/3
  1369 | D:3      | Reached skill level 4 in Shields
  1526 | D:3      | Found a deep blue altar of Sif Muna.
  1548 | D:3      | Reached XP level 4. HP: 34/42 MP: 0/4
  1769 | D:3      | Found a snail-covered altar of Cheibriados.
  2069 | D:4      | Reached XP level 5. HP: 45/50 MP: 0/5
  2163 | D:4      | Found a burning altar of Makhleb.
  2201 | D:4      | Reached skill level 1 in Throwing
  2208 | D:4      | Became a worshipper of Makhleb the Destroyer
  2288 | D:4      | Found a blossoming altar of Fedhas.
  2372 | D:4      | Reached skill level 5 in Shields
  2372 | D:4      | Reached XP level 6. HP: 42/57 MP: 0/6
  2460 | D:4      | Slain by an ogre

Skill      XL: |  1  2  3  4  5 |
---------------+----------------+-----
Fighting       | 3 4 |  4.1
Shields        | 4 5 |  5.0
Maces & Flails | 3 |  3.8
Throwing       | 1 |  1.2
Armour         | |  3.2

Action                   |  1- 3 |  4- 6 || total
-------------------------+-------+-------++-------
Melee: Flail             |    80 |   111 ||   191
 Fire: Hunting sling     |     5 |       ||     5
Throw: Tomahawk          |     8 |     2 ||    10
 Abil: Heal Wounds       |     2 |     2 ||     4
  Use: Scroll            |       |     8 ||     8
  Eat: Chunk             |     2 |     3 ||     5
Armor: Scale mail        |    31 |       ||    31
       Ring mail         |    11 |    35 ||    46
Dodge: Dodged            |    36 |    30 ||    66
Block: Shield            |    46 |    56 ||   102
